 Dungeon Crawl Stone Soup version 0.24.0-13-gcf9b3192b9 (webtiles) character file.

Game seed: 11617257127422963190, levelgen mode: deterministic

142 FessEmpty the Sneak (level 5, -4/42 HPs)
             Began as a Barachi Assassin on Nov 9, 2019.
             Killed from afar by an orc wizard (10 damage)
             ... with a magic dart
             ... on level 3 of the Dungeon.
             The game lasted 00:07:59 (2511 turns).

FessEmpty the Sneak (Barachi Assassin)              Turns: 2511, Time: 00:08:00

Health: -4/42      AC:  3    Str: 14    XL:     5   Next: 25%
Magic:  5/5        EV: 12    Int: 12    God:
Gold:   134        SH:  0    Dex: 14    Spells: 4/4 levels left

rFire    . . .     SeeInvis .   a - +0 short sword (speed)
rCold    . . .     Gourm    .   (no shield)
rNeg     . . .     Faith    .   p - +0 robe
rPois    .         Spirit   .   (no helmet)
rElec    .         Reflect  .   c - +0 cloak
rCorr    .         Harm     .   (no gloves)
MR       .....     Rnd*Tele +   (no boots)
Stlth    +++.......             (no amulet)
HPRegen  0.14/turn              h - +2 ring of strength
MPRegen  0.09/turn              u - ring of teleportation (curse)

@: slow
A: +LOS, swims, slowness 1, strong legs 1
a: Hop


You were on level 3 of the Dungeon.
You were not hungry.

You visited 1 branch of the dungeon, and saw 3 of its levels.

You collected 134 gold pieces.

Inventory:

Hand Weapons
 a - a +0 short sword of speed (weapon)
 b - a +2 dagger
Missiles
 d - 19 poisoned darts (quivered)
 e - 2 curare-tipped darts
 i - 12 boomerangs
 n - 7 datura-tipped darts
Armour
 c - a +0 cloak (worn)
 p - a +0 robe (worn)
Jewellery
 h - a +2 ring of strength (left hand)
 u - a cursed ring of teleportation (right hand)
Scrolls
 g - a scroll of magic mapping {unknown}
 r - a scroll of enchant armour {unknown}
 s - a scroll of remove curse {unknown}
Potions
 j - a potion of degeneration {unknown}
 k - a potion of lignification
 l - a potion of resistance
 o - a potion of magic {unknown}
Comestibles
 f - 8 rations
 t - 2 chunks of flesh


   Skills:
 + Level 4.0 Fighting
 * Level 3.7 Short Blades
 + Level 2.0 Throwing
 + Level 1.4 Dodging
 + Level 4.5 Stealth


You had 4 spell levels left.
You didn't know any spells.
Your spell library contained the following spells:

 Spells                   Type           Power        Failure   Level  Hunger
 Animate Skeleton         Necr           N/A          32%         1    ##.....
 Apportation              Tloc           #.....       32%         1    ##.....
 Confusing Touch          Hex            #.....       32%         1    ##.....
 Summon Small Mammal      Summ           #...         32%         1    ##.....


Dungeon Overview and Level Annotations

Branches:
Dungeon (3/15)

Altars:
Dithmenos
The Shining One

Annotations:
D:2 exclusion: 3 doors


Innate Abilities, Weirdness & Mutations

Shadows flee at your approach. (+LOS)
You can swim through water.
You cover ground slowly.
You can hop short distances.


Message History

You hit the worm.
The worm is heavily wounded.
The worm bites you!
You hit the worm but do no damage.
The worm is moderately wounded.
The orc wizard mumbles some strange words.
The orc wizard blinks!
An orc comes into view. It is wielding a +0 flail of crushing.
The orc shouts!
You hear a shout!
You hit the worm but do no damage.
The worm is moderately wounded.
You hear a shout! x2
You hit the worm.
The worm is heavily wounded.
The worm barely misses you.
You barely miss the worm.
The worm is heavily wounded.
You hit the worm but do no damage.
The worm is heavily wounded.
You barely miss the worm.
The worm is heavily wounded.
The worm barely misses you.
You hit the worm.
The worm is severely wounded.
You hit the worm but do no damage.
The worm is severely wounded.
You barely miss the worm.
The worm is severely wounded.
The worm barely misses you.
You hit the worm.
The worm is almost dead.
You hit the worm.
You kill the worm!
You hit the orc.
The orc is moderately wounded.
You completely miss the orc.
The orc is moderately wounded.
The orc hits you with a +0 flail of crushing.
You hit the orc.
The orc is severely wounded.
You closely miss the orc.
The orc is severely wounded.
The orc barely misses you.
You hit the orc.
You kill the orc!
No target in view!
You start resting.
An orc comes into view.
Some of the chunks of flesh in your inventory have rotted away.
Unknown command.
An orc comes into view. It is wielding a +0 war axe.
The orc hits you.
Things that are here:
a +0 flail of crushing; a +0 leather armour; a worm corpse The orc shouts!
You hit the orc.
The orc is lightly wounded.
The orc closely misses you.
You hit the orc.
The orc is severely wounded.
You hit the orc.
You kill the orc!
You see here an orc corpse.
You hit the orc.
The orc is moderately wounded.
You completely miss the orc.
The orc is moderately wounded.
The orc barely misses you.
You hit the orc.
The orc is severely wounded.
You hit the orc.
You kill the orc!
You closely miss the goblin. You hit the goblin.
The goblin is heavily wounded.
The goblin misses you.
The orc wizard gestures at you while chanting.
The magic dart hits you.
You hit the goblin but do no damage.
The goblin is heavily wounded.
The goblin closely misses you.
You hit the goblin.
You kill the goblin!
The orc wizard mumbles some strange words.
The orc wizard seems to speed up.
The orc wizard points at you and mumbles some strange words.
You resist with some effort.
You hit the orc wizard but do no damage.
The orc wizard hits you with a +0 dagger.
You hit the orc wizard but do no damage.
A frilled lizard comes into view.
The orc wizard casts a spell.
The orc wizard blinks!
The orc wizard gestures at you while chanting.
The magic dart hits you.
The frilled lizard hisses angrily.
You closely miss the orc wizard. The orc wizard closely misses you.
You hit the orc wizard but do no damage.
The orc wizard barely misses you.
You barely miss the orc wizard. The orc wizard casts a spell at you.
The magic dart hits you!
* * * LOW HITPOINT WARNING * * *
You barely miss the orc wizard. The orc wizard misses you.
You hit the orc wizard.
The orc wizard is lightly wounded.
The orc wizard closely misses you.
You closely miss the orc wizard.
The orc wizard is lightly wounded.
The orc wizard hits you with a +0 dagger.
* * * LOW HITPOINT WARNING * * *
You closely miss the orc wizard.
The orc wizard is lightly wounded.
The orc wizard hits you but does no damage.
You barely miss the orc wizard.
The orc wizard is lightly wounded.
The orc wizard hits you but does no damage.
You miss the orc wizard.
The orc wizard is lightly wounded.
The orc wizard barely misses you.
You barely miss the orc wizard.
The orc wizard is lightly wounded.
The orc wizard barely misses you.
You hit the orc wizard but do no damage.
The orc wizard is lightly wounded.
You hit the orc wizard but do no damage.
The orc wizard is lightly wounded.
The orc wizard hits you with a +0 dagger.
* * * LOW HITPOINT WARNING * * *
Quiver which item? (- for none, * to show all) (? for menu, Esc to quit)
Okay, then.
Quiver which item? (- for none, * to show all) (? for menu, Esc to quit)
Okay, then.
Quiver which item? (- for none, * to show all) (? for menu, Esc to quit)
Quivering
m - 5 atropa-tipped darts for throwing.
Throwing (i - inventory. (/) - cycle)
m - 5 atropa-tipped darts (quivered)
Press: ? - help, Shift-Dir - straight line, f/p - orc wizard
Aim: an orc wizard, wielding a +0 dagger and wearing a +0 robe (lightly wounded, fast, chance to blind on hit: 87%)
You throw an atropa-tipped dart.
The atropa-tipped dart hits the orc wizard.
The orc wizard appears confused.
The orc wizard is lightly wounded.
The orc wizard closely misses you. The orc wizard barely misses you.
You hit the orc wizard but do no damage.
The orc wizard is lightly wounded.
The orc wizard seems less confused.
The frilled lizard bites you.
* * * LOW HITPOINT WARNING * * *
The frilled lizard closely misses you.
You see here an atropa-tipped dart.
The frilled lizard bites you.
* * * LOW HITPOINT WARNING * * *
You closely miss the frilled lizard. You closely miss the frilled lizard.
The orc wizard shouts!
The orc wizard is no longer blind.
The frilled lizard closely misses you.
Throwing (i - inventory. (/) - cycle)
m - 4 atropa-tipped darts (quivered)
Press: ? - help, Shift-Dir - straight line, f/p - orc wizard
Aim: an orc wizard, wielding a +0 dagger and wearing a +0 robe (lightly wounded, fast, chance to blind on hit: 87%)
You throw an atropa-tipped dart.
The atropa-tipped dart hits the orc wizard.
The orc wizard appears confused.
The orc wizard is lightly wounded.
The frilled lizard bites you but does no damage.
You hit the frilled lizard.
The frilled lizard is heavily wounded.
The frilled lizard misses you.
You hit the frilled lizard.
You kill the frilled lizard!
Quiver which item? (- for none, * to show all) (? for menu, Esc to quit)
Okay, then.
The orc wizard seems less confused.
Found a stone staircase leading up.
Throwing (i - inventory. (/) - cycle)
m - 3 atropa-tipped darts (quivered)
Press: ? - help, Shift-Dir - straight line, f/p - orc wizard
Aim: an orc wizard, wielding a +0 dagger and wearing a +0 robe (lightly wounded, fast, chance to blind on hit: 87%)
You throw an atropa-tipped dart.
The atropa-tipped dart barely misses the orc wizard.
Throwing (i - inventory. (/) - cycle)
m - 2 atropa-tipped darts (quivered)
Press: ? - help, Shift-Dir - straight line, f/p - orc wizard
Aim: an orc wizard, wielding a +0 dagger and wearing a +0 robe (lightly wounded, fast, chance to blind on hit: 87%)
You throw an atropa-tipped dart.
The atropa-tipped dart barely misses the orc wizard.
The orc wizard hits you with a +0 dagger.
* * * LOW HITPOINT WARNING * * *
Throwing (i - inventory. (/) - cycle)
m - an atropa-tipped dart (quivered)
Press: ? - help, Shift-Dir - straight line, f/p - orc wizard
Aim: an orc wizard, wielding a +0 dagger and wearing a +0 robe (lightly wounded, fast, chance to blind on hit: 89%)
You throw an atropa-tipped dart.
The atropa-tipped dart hits the orc wizard.
The orc wizard appears confused.
The orc wizard is lightly wounded.
The orc wizard seems less confused.
The orc wizard hits you but does no damage.
You see here an atropa-tipped dart.
You catch the helpless orc wizard completely off-guard!
You puncture the orc wizard!
The orc wizard is severely wounded.
The orc wizard gestures at you while chanting.
The magic dart hits you!
You die...

#..# #.# #<#
#..###.###.### #..
.....#... #.#
#.#.#.##
#.####...(..#
#)...(......#
#†######.##.#
#.)...##.##(#######.
#####.##...@(.......
#.#####o#######. #.#
#.# #.# #.# #.# #.#
#.# #.# #÷# #(.
#........#
##########


You could see an orc wizard (blind).

Vanquished Creatures
  5 adders
  3 oozes (D:2)
  3 worms
  2 dart slugs (D:1)
  2 leopard geckos (D:1)
  4 orcs (D:3)
  7 giant cockroaches
  6 goblins
  7 hobgoblins
  A quokka (D:3)
  5 bats
  2 frilled lizards
  14 kobolds
  2 rats
63 creatures vanquished.

Vanquished Creatures (others)
  14 toadstools (D:2)
14 creatures vanquished.

Grand Total: 77 creatures vanquished

Notes
Turn   | Place    | Note
-------+----------+-------------------------------------------
     0 | D:1      | FessEmpty the Barachi Assassin began the quest for the Orb.
     0 | D:1      | Reached XP level 1. HP: 17/17 MP: 1/1
   145 | D:1      | Reached XP level 2. HP: 23/23 MP: 2/2
   333 | D:1      | Found a glowing golden altar of the Shining One.
   667 | D:1      | Reached XP level 3. HP: 22/29 MP: 3/3
  1284 | D:2      | Reached XP level 4. HP: 22/35 MP: 4/4
  2261 | D:3      | Reached XP level 5. HP: 35/42 MP: 5/5
  2390 | D:3      | Found a shadowy altar of Dithmenos.
  2511 | D:3      | Killed from afar by an orc wizard

Levels and vault maps discovered:
D:1:      dpeg_arrival_three_smaller_balls, layout_basic, tso_metal_star
D:2:      cheibrodos_fertilizer, layout_basic
D:3:      layout_loops_ring, grunt_dithmenos_smoke, fedhas_altar_4,
          minmay_statues_item

Skill      XL: |  1  2  3  4 |
---------------+-------------+-----
Fighting       | 3 4 |  4.0
Stealth        | 4 |  4.5
Short Blades   | 3 |  3.7
Throwing       | |  2.0
Dodging        | |  1.4

Action                   |  1- 3 |  4- 6 || total
-------------------------+-------+-------++-------
Melee: Dagger            |   130 |    58 ||   188
       Short sword       |       |    95 ||    95
Throw: Boomerang         |     1 |     3 ||     4
       Dart              |       |     5 ||     5
 Abil: Hop               |       |     1 ||     1
  Use: Potion            |       |     2 ||     2
       Scroll            |       |     1 ||     1
 Stab: Sleeping          |     4 |     4 ||     8
       Distracted        |       |     1 ||     1
       Invisible         |       |     1 ||     1
  Eat: Chunk             |     2 |     4 ||     6
Armor: Robe              |    30 |    17 ||    47
       Skin              |       |     4 ||     4
Dodge: Dodged            |    60 |    53 ||   113
